 Dungeon Crawl Stone Soup version 0.31-a0-765-g67fe2935dc (webtiles) character file.

Game seed: 11481400085144632964

11081 thriggle the Carver (level 11, -1/89 HPs)
             Began as a Barachi Monk on Sept 15, 2023.
             Was the Champion of Zin.
             Slain by a troll zombie (5 damage)
             ... on level 10 of the Dungeon.
             The game lasted 00:38:49 (10450 turns).

thriggle the Carver (Barachi Monk)                 Turns: 10450, Time: 00:38:52

Health: -1/89      AC: 20    Str: 17    XL:     11   Next: 72%
Magic:  16/16      EV: 16    Int: 11    God:    Zin [******]
Gold:   564        SH:  0    Dex: 20    Spells: 10/10 levels left

rFire   x . .        p - +0 long sword
rCold   + . .        (no shield)
rNeg    . . .        w - +6 ring mail of Greater Demons {rPois rCorr}
rPois   +            y - +0 helmet
rElec   .            t - +1 cloak
rCorr   +            e - +2 pair of gloves
SInv    .            (no boots)
Will    .....        (no amulet)
Stlth   +            f - +6 ring of dexterity
HPRegen 0.34/turn    u - ring of ice
MPRegen 0.15/turn

%: clarity
@: mighty, marked, on recite cooldown, invisible, slow
A: amphibious, slowness 1, strong legs 1, +LOS, clarity
a: Hop, Renounce Religion, Recite, Vitalisation, Imprison, Sanctuary, Donate
Gold


You were on level 10 of the Dungeon.
You worshipped Zin.
Zin was exalted by your worship.
You visited 1 branch of the dungeon, and saw 10 of its levels.

You collected 626 gold pieces.
You donated 62 gold pieces to Zin.

Inventory:

Hand Weapons
 a - a +0 falchion
 j - a +0 rapier
 p - a +0 long sword (weapon)
 s - a +0 dagger of venom
 B - a +2 falchion of holy wrath
 D - a +3 trident of freezing
Missiles
 h - 92 stones
 r - 42 poisoned darts
 F - a curare-tipped dart
Armour
 b - a +0 robe
 d - an orb of light
 e - a +2 pair of gloves (worn)
 i - a +0 chain mail
 l - an orb of energy
 m - the +1 ring mail "Cihyapt" {rElec rPois}
   (You found it on level 4 of the Dungeon)

   rElec:     It insulates you from electricity.
   rPois:     It protects you from poison
 t - a +1 cloak (worn)
 w - the +6 ring mail of Greater Demons (worn) {rPois rCorr}
   (You found it on level 5 of the Dungeon)

   rPois:     It protects you from poison rCorr: It protects you from acid and
   corrosion.
 y - a +0 helmet (worn)
Jewellery
 f - a +6 ring of dexterity (left hand)
 u - a ring of ice (right hand)
Wands
 z - a wand of mindburst (23)
 A - a wand of paralysis (10)
 C - a wand of flame (21)
Scrolls
 g - 2 scrolls of fog
 o - a scroll of teleportation
 x - a scroll of acquirement
 E - a scroll of revelation
 G - a scroll of identify
 I - a scroll of enchant weapon {unknown}
Potions
 k - a potion of brilliance
 v - a potion of mutation
 H - a potion of enlightenment


   Skills:
 + Level 9.4 Fighting
 + Level 9.4 Long Blades
 - Level 6.1 Throwing
 + Level 8.3 Armour
 + Level 8.4 Dodging
 - Level 0.3 Stealth
 + Level 7.7 Invocations
 + Level 4.8 Evocations


You had 10 spell levels left.
You didn't know any spells.
Your spell library contained the following spells:

 Spells                   Type           Power      Damage    Failure   Level
 Freeze                   Ice            0%         1d3       52%         1
 Ensorcelled Hibernation  Hex/Ice        0%         N/A       65%         2
 Jinxbite                 Hex            0%         N/A       65%         2
 Scorch                   Fire           0%         2d5       65%         2
 Frozen Ramparts          Ice            0%         1d1       87%         3
 Hailstorm                Conj/Ice       0%         3d3       87%         3
 Ignite Poison            Fire/Tmut/Pois 0%         N/A       87%         3
 Tukima's Dance           Hex            0%         N/A       87%         3
 Anguish                  Hex/Necr       0%         N/A       99%         4
 Dimensional Bullseye     Hex/Tloc       0%         N/A       99%         4
 Flame Wave               Conj/Fire      0%         2d4       99%         4
 Iskenderun's Mystic Bla  Conj/Tloc      0%         2d3       99%         4
 Petrify                  Tmut/Erth      0%         N/A       99%         4
 Sticky Flame             Conj/Fire      0%         2d3       99%         4
 Metabolic Englaciation   Hex/Ice        0%         N/A       100%        5
 Summon Cactus Giant      Summ           0%         N/A       100%        6
 Ignition                 Fire           0%         3d3       100%        8


Dungeon Overview and Level Annotations

Branches:
Dungeon (10/15)            Temple (0/1) D:7            Lair (0/5) D:9
    Orc (0/2) D:10

Altars:
Ashenzari
Fedhas
Hepliaklqana
Nemelex Xobeh
Okawaru
Wu Jian
Xom
Yredelemnul
Zin


Innate Abilities, Weirdness & Mutations

You are amphibious.
You cover ground slowly.
You can hop short distances.
You have an extended range of vision and can be seen from far away.
You possess an exceptional clarity of mind.


Message History

You fail to use your ability.
Something hits you but does no damage.
You slash something! Something hits you but does no damage.
You closely miss something. Something hits you! Zin protects you from harm!
You feel very mighty all of a sudden. Something hits you but does no damage.
You miss something. Something hits you.
* * * LOW HITPOINT WARNING * * *
You hit something. Something hits you but does no damage.
You closely miss something.
You are ready to recite again.
Something completely misses you.
Activating: Recite (0% risk of failure)
Press: ? - help, Dir - look around, f - activate You clear your throat and prepare to recite. "Thus the people made the covenant of order with..."
The ogre zombie is limned with silver light.
Something hits you but does no damage.
You slash something! Something barely misses you.
You hit something. "...Zin, and all was good, for they knew that the..."
The troll zombie is limned with silver light.
The orc zombie is turned into a pillar of salt by the wrath of Zin!
You destroy the orc zombie!
Zin accepts your kill. Something hits you but does no damage.
You miss something. "...amorphous wretches would trouble them no longer."
You finish reciting Abominations 13:27. "Amen!"
Something hits you but does no damage.
You slash something!
Reactivating autopickup.
You feel a bit more experienced.
You catch the helpless troll zombie completely off-guard!
You slice the troll zombie!!
The troll zombie is severely damaged.
The orc shaped pillar of salt crumbles away.
The troll zombie bites you but does no damage.
The troll zombie claws you.
You die...

...Z....#°○.#
........#☼..#
...8....#...#
##...####.).#
#..# #°###
#.@# #.# #.#
#Z# #Z# #@#
#.# #○# #.#
#.# #☼# #.#
#○# #.#


You could see an ogre zombie (unable to see you, corona) and a troll zombie
(unable to see you, corona).

Vanquished Creatures
  Harold (D:10)
  6 two-headed ogres
  An elephant (D:9)
  An unseen horror (D:10)
  Maggie (D:6)
  2 kobold demonologists (D:10)
  Grinder (D:3)
  A shadow (D:10)
  4 yaks
  Eustachio (D:6)
  A basilisk (D:9)
  3 steam dragons
  2 acid dragons
  2 water moccasins
  An ice beast (D:5)
  2 black bears
  2 orc warriors
  An ogre (D:4)
  3 centaurs
  6 kobold brigands
  3 phantoms
  A gnoll sergeant (D:6)
  4 bullfrogs
  4 scorpions
  2 troll zombies (D:10)
  10 killer bees
  3 howler monkeys (D:9)
  4 hounds
  An orc priest (D:3)
  A gnoll bouda (D:6)
  4 sleepcaps
  3 iguanas
  7 orc wizards
  4 ogre zombies (D:10)
  A mummy (D:8)
  8 gnolls
  8 adders
  A shadow imp (D:7)
  3 ufetubi
  A worm (D:5)
  2 dart slugs
  31 orcs
  6 ball pythons
  8 bats
  9 endoplasms
  5 giant cockroaches
  3 goblins
  10 hobgoblins
  4 jackals
  3 quokkas
  4 frilled lizards
  A goblin skeleton (D:10)
  2 goblin zombies (D:10)
  7 hobgoblin zombies
  26 kobolds
  A kobold zombie (D:8)
  5 orc skeletons (D:10)
  13 orc zombies
  3 rats
258 creatures vanquished.

Vanquished Creatures (others)
  A centaur (D:9)
  An orc priest (D:9)
  An orc wizard (D:9)
  A gnoll (D:7)
  A white imp (D:7)
  3 orcs
8 creatures vanquished.

Grand Total: 266 creatures vanquished

Notes
Turn   | Place    | Note
-------+----------+-------------------------------------------
     0 | D:1      | thriggle the Barachi Monk began the quest for the Orb.
     0 | D:1      | Reached XP level 1. HP: 18/18 MP: 1/1
   181 | D:1      | Reached XP level 2. HP: 25/25 MP: 2/2
   209 | D:1      | Found a faded altar of an unknown god.
   219 | D:1      | Prayed at the altar of an unknown god.
   219 | D:1      | Became a worshipper of Zin the Law-Giver
   219 | D:1      | Reached * piety under Zin
   219 | D:1      | Reached ** piety under Zin
   552 | D:1      | Reached skill level 1 in Armour
   966 | D:2      | Reached XP level 3. HP: 30/30 MP: 3/3
   992 | D:2      | Reached *** piety under Zin
  1225 | D:2      | Reached skill level 1 in Throwing
  1233 | D:2      | Reached XP level 4. HP: 29/37 MP: 4/4
  1260 | D:2      | Reached skill level 1 in Invocations
  1780 | D:3      | Noticed Grinder
  1793 | D:3      | Paralysed by Grinder for 5 turns
  1798 | D:3      | Zin protects you from harm!
  1801 | D:3      | Paralysed by Grinder for 3 turns
  1805 | D:3      | Killed Grinder
  1806 | D:3      | Reached XP level 5. HP: 43/43 MP: 4/6
  1806 | D:3      | Reached XP level 6. HP: 49/49 MP: 4/7
  1859 | D:3      | HP: 2/49 [orc/+0 hand axe (2)]
  1910 | D:3      | Reached **** piety under Zin
  2872 | D:3      | Found an iron altar of Okawaru.
  3172 | D:4      | Reached XP level 7. HP: 35/55 MP: 7/9
  3179 | D:4      | Reached skill level 5 in Long Blades
  3315 | D:4      | Reached skill level 5 in Fighting
  3396 | D:4      | Identified the +1 ring mail "Cihyapt" {rElec rPois}
  3433 | D:4      | Found a broken altar of Ashenzari.
  3781 | D:5      | Entered Level 5 of the Dungeon
  3794 | D:5      | Gained mutation: You possess an exceptional clarity of
                  | mind. [potion of mutation]
  4019 | D:5      | Reached XP level 8. HP: 63/63 MP: 10/10
  4220 | D:5      | Identified the +6 ring mail of Greater Demons {rPois rCorr}
  4328 | D:5      | Reached skill level 5 in Dodging
  4419 | D:5      | Reached ***** piety under Zin
  4705 | D:6      | Noticed Maggie
  4726 | D:6      | Killed Maggie
  4748 | D:6      | Identified a scroll of acquirement
  4903 | D:6      | Reached skill level 5 in Invocations
  4928 | D:6      | Found a basalt altar of Yredelemnul.
  5002 | D:6      | Noticed Eustachio
  5026 | D:6      | Killed Eustachio
  5027 | D:6      | Reached XP level 9. HP: 66/71 MP: 12/12
  5399 | D:6      | Reached skill level 5 in Armour
  5472 | D:6      | You fall into a shaft and drop 3 floors!
  5485 | D:9      | Noticed a two-headed ogre
  5521 | D:9      | Killed a two-headed ogre
  5539 | D:9      | Noticed an elephant
  5568 | D:9      | Noticed a two-headed ogre
  6400 | D:7      | Found a staircase to the Ecumenical Temple.
  6759 | D:7      | Found a sparkling altar of Nemelex Xobeh.
  6760 | D:7      | Found a glowing silver altar of Zin.
  6790 | D:7      | Found a blossoming altar of Fedhas.
  6804 | D:7      | Reached XP level 10. HP: 79/79 MP: 14/14
  6882 | D:7      | Reached skill level 5 in Throwing
  6969 | D:7      | Reached skill level 1 in Evocations
  8058 | D:8      | Found a faded altar of an unknown god.
  8058 | D:8      | Found a shimmering altar of Xom.
  8065 | D:8      | Found a hazy altar of Hepliaklqana.
  8071 | D:8      | Found a faded altar of an unknown god.
  8089 | D:8      | Found an ornate altar of the Wu Jian Council.
  8529 | D:9      | Killed an elephant
  8699 | D:9      | Killed a two-headed ogre
  8969 | D:9      | Found a staircase to the Lair.
  8974 | D:9      | Noticed a two-headed ogre
  8998 | D:9      | Killed a two-headed ogre
  8999 | D:9      | Reached XP level 11. HP: 37/87 MP: 16/16
  9232 | D:9      | Noticed a two-headed ogre
  9252 | D:9      | Killed a two-headed ogre
  9323 | D:9      | Noticed a two-headed ogre
  9339 | D:9      | Killed a two-headed ogre
  9557 | D:9      | Reached ****** piety under Zin
  9848 | D:10     | Entered Level 10 of the Dungeon
  9851 | D:10     | Noticed a two-headed ogre
  9862 | D:10     | Killed a two-headed ogre
  9947 | D:10     | Noticed Harold
  9947 | D:10     | Noticed a green ugly thing
 10061 | D:10     | Noticed a soul eater
 10351 | D:10     | Found a staircase to the Orcish Mines.
 10424 | D:10     | Killed Harold
 10435 | D:10     | HP: 1/89 [something (5)]
 10440 | D:10     | Zin protects you from harm!
 10442 | D:10     | HP: 2/89 [something (2)]
 10450 | D:10     | Slain by a troll zombie

Illustrated notes

Levels and vault maps discovered:
D:1:      nzn_arrival_settlement, layout_loops_corners, serial_bayou,
          serial_bayou_shore_b, serial_bayou_lagoon_a, serial_bayou_lake_a,
          serial_bayou_shore_a, serial_bayou_pond_e, serial_bayou_pond_c,
          shapermc_ecumenical_altar_gd
D:2:      layout_loops_ring
D:3:      cheibrodos_pilgrimage, layout_loops_ring,
          mainiacjoe_overflow_alcove_2, serial_co_window_serial,
          co_window_corner_a, co_window_corner_a, co_window_paths_b,
          co_window_of_opportunity_a, co_window_paths_a, co_window_corner_a,
          co_window_paths_a, co_window_broadway_b, co_window_unsneaky_path_b,
          co_window_of_opportunity_c, co_window_2corner, co_window_cross_3,
          co_window_4corner_a, glass_columns_a, glass_columns_a,
          kennysheep_nondescript, hangedman_feature_mirror,
          kennysheep_generic_room_11, uniq_grinder
D:4:      layout_gridville, ashenzari_altar_1, nrook_loot_triangle, wad_orctagon
D:5:      layout_loops_ring, minivault_14
D:6:      layout_layer_cave, lemuel_tele_altar, nrook_mini_backslash,
          uniq_maggie, uniq_eustachio
D:7:      layout_basic, mainiacjoe_overflow_divided_tiny, fedhas_ov_isle_minmay,
          minmay_temple_entry_tees
D:8:      layout_rooms, chequers_temple_overflow_minitemple,
          chequers_ossuary_entry_cave, minmay_mini_ossuary
D:9:      lemuel_ice_spiral_2, layout_basic, david_lair_generic
D:10:     layout_roguey, zombieorc2_lemuel, uniq_harold

Skill      XL: |  1  2  3  4  5  6  7  8  9 10 11 |
---------------+----------------------------------+-----
Armour         | 1 2 3 4 6 7 8 |  8.3
Long Blades    | 4 5 6 7 8 9 |  9.4
Fighting       | 4 5 6 7 8 9 |  9.4
Throwing       | 1 2 3 4 6 |  6.1
Invocations    | 2 3 5 6 7 |  7.7
Dodging        | 4 5 6 7 8 |  8.4
Evocations     | 3 4 |  4.8
Stealth        | |  0.3

Action                     |  1- 3 |  4- 6 |  7- 9 | 10-12 || total
---------------------------+-------+-------+-------+-------++-------
  Melee: Falchion          |    52 |       |       |       ||    52
         Long sword        |    33 |    75 |   303 |   483 ||   894
         Punch             |       |       |     2 |    10 ||    12
  Throw: Dart              |       |       |     2 |     1 ||     3
         Stone             |       |       |       |     1 ||     1
 Invoke: Recite            |     2 |     5 |    18 |    22 ||    47
         Vitalisation      |       |       |       |     2 ||     2
Ability: Hop               |       |       |       |     2 ||     2
  Evoke: Wand              |       |       |       |     3 ||     3
    Use: Scroll            |     2 |     5 |    14 |     5 ||    26
         Potion            |       |     6 |     5 |     3 ||    14
   Stab: Sleeping          |     1 |       |       |       ||     1
         Invisible         |       |     1 |     2 |     1 ||     4
         Confused          |       |       |     5 |    10 ||    15
         Paralysed         |       |       |     6 |     9 ||    15
 Armour: Robe              |    26 |    27 |       |       ||    53
         Chain mail        |       |     8 |    19 |       ||    27
         Ring mail         |       |       |   250 |   389 ||   639
  Dodge: Dodged            |    58 |    48 |   321 |   442 ||   869

Table legend: (Time is in decaauts)
 A = Elapsed time spent in this place.
 B = Non-inter-level travel time spent in this place.
 C = Inter-level travel time spent in this place.
 D = Time resting spent in this place.
 E = Time spent auto-exploring this place.
 F = Levels seen in this place.
 G = Mean time per level.
                   A        B        C        D        E       F      G
               +--------+--------+--------+--------+--------+-----+--------+
         Total |  11862 |  11494 |    368 |    332 |   7818 |  10 | 1186.2 |
       Dungeon |  11862 |  11494 |    368 |    332 |   7818 |  10 | 1186.2 |
               +--------+--------+--------+--------+--------+-----+--------+

Top non-repeatable levels by time:
     D:6: 1869 daAuts
     D:3: 1673 daAuts
     D:9: 1658 daAuts
     D:8: 1206 daAuts
     D:1: 1137 daAuts
     D:7: 1134 daAuts
     D:5: 963 daAuts
     D:4: 819 daAuts
     D:2: 784 daAuts
    D:10: 614 daAuts
